 Dungeon Crawl Stone Soup version 0.21.1-1-g345015fe64 (webtiles) character file.

1826 Crag the Charmwright (level 9, 0/69 HPs)
             Began as a Gnoll Skald on May 13, 2018.
             Was a Follower of Cheibriados.
             Killed by divine providence
             ... invoked by an orc priest
              (11 damage)
             ... on level 7 of the Dungeon.
             The game lasted 00:24:12 (6379 turns).

Crag the Charmwright (Gnoll Skald)                  Turns: 6379, Time: 00:24:12

Health: 0/69       AC:  8    Str: 19    XL:     9   Next: 11%
Magic:  36/36      EV: 13    Int: 18    God:    Cheibriados [*.....]
Gold:   233        SH:  0    Dex: 18    Spells: 19/20 levels left

rFire    . . .     SeeInvis .   v - +1 whip (flame)
rCold    . . .     Gourm    .   (no shield)
rNeg     . . .     Faith    .   e - +0 scale mail
rPois    .         Spirit   .   (no helmet)
rElec    .         Reflect  .   (no cloak)
rCorr    .         Harm     .   (no gloves)
MR       .....                  r - +0 pair of boots
Stlth    +.........             (no amulet)
HPRegen  0.21/turn              t - ring of magical power
MPRegen  0.25/turn              p - ring of magical power

@: heavily drained, very slow
A: distributed training, fangs 1, strong 1, wild magic 1, strong nose
a: Bend Time, Renounce Religion


You were on level 7 of the Dungeon.
You worshipped Cheibriados.
Cheibriados was aware of your devotion.
You were not hungry.

You visited 2 branches of the dungeon, and saw 8 of its levels.

You collected 233 gold pieces.

Inventory:

Hand Weapons
 a - a +0 spear
 h - a +0 scythe
 v - a +1 whip of flaming (weapon)
 x - a +3 whip of venom
 A - a +2 shortbow of flaming
Missiles
 f - 150 stones (quivered)
 I - 48 arrows
Armour
 b - a +0 leather armour
 e - a +0 scale mail (worn)
 k - a +0 plate armour
 r - a +0 pair of boots (worn)
Jewellery
 p - a ring of magical power (right hand)
 t - a ring of magical power (left hand)
 w - an uncursed amulet of harm
Wands
 o - a wand of digging (12)
 q - a wand of iceblast (12)
 F - a wand of paralysis (19)
Scrolls
 g - 3 scrolls of magic mapping
 j - 6 scrolls of remove curse
 m - 7 scrolls of identify
 n - a scroll of noise {unknown}
 y - a scroll of enchant armour {unknown}
 z - a scroll of immolation {unknown}
 C - a scroll of acquirement {unknown}
 E - a scroll of holy word {unknown}
 G - a scroll of fog {unknown}
 H - a scroll of silence {unknown}
 J - a scroll of amnesia {unknown}
Potions
 i - 2 potions of haste {unknown}
 l - a potion of mutation
 s - a potion of agility
 u - 2 potions of resistance {unknown}
 B - a potion of heal wounds
 D - a potion of flight
 K - 2 potions of curing
Books
 c - a book of Battle

   Spells                             Type                      Level
   a - Infusion                       Charms                       1
   b - Shroud of Golubria             Charms/Translocation         2
   c - Song of Slaying                Charms                       2
   d - Spectral Weapon                Hexes/Charms                 3
   e - Regeneration                   Charms/Necromancy            3
Comestibles
 d - 7 rations
 L - 9 chunks of flesh


   Skills:
 + Level 6.0(4.7) Fighting
 + Level 3.8(2.5) Short Blades
 + Level 3.8(2.5) Long Blades
 + Level 3.8(2.5) Axes
 + Level 3.8(2.5) Maces & Flails
 + Level 6.0(4.7) Polearms
 + Level 3.8(2.5) Staves
 + Level 3.8(2.5) Slings
 + Level 3.8(2.5) Bows
 + Level 3.8(2.5) Crossbows
 + Level 3.8(2.5) Throwing
 + Level 4.7(3.3) Armour
 + Level 6.0(4.7) Dodging
 + Level 3.8(2.5) Stealth
 + Level 3.8(2.5) Shields
 + Level 3.8(2.5) Unarmed Combat
 + Level 6.3(5.0) Spellcasting
 + Level 3.1(1.9) Conjurations
 + Level 3.1(1.9) Hexes
 + Level 6.3(5.0) Charms
 + Level 3.1(1.9) Summonings
 + Level 3.1(1.9) Necromancy
 + Level 3.1(1.9) Translocations
 + Level 3.1(1.9) Transmutations
 + Level 3.1(1.9) Fire Magic
 + Level 3.1(1.9) Ice Magic
 + Level 3.1(1.9) Air Magic
 + Level 3.1(1.9) Earth Magic
 + Level 3.1(1.9) Poison Magic
 + Level 4.2(2.9) Invocations
 + Level 3.8(2.5) Evocations


You had 19 spell levels left.
You knew the following spells:

 Your Spells              Type           Power        Failure   Level  Hunger
a - Infusion              Chrm           ####         8%          1    None


Dungeon Overview and Level Annotations

Branches:
Dungeon (7/15)             Temple (1/1) D:5

Altars:
Ashenzari
Cheibriados
Elyvilon
Fedhas
Gozag
Hepliaklqana
Kikubaaqudgha
Makhleb
Nemelex Xobeh
Okawaru
Qazlal
Ru
Sif Muna
Vehumet
Wu Jian
Xom
Yredelemnul
Zin
The Shining One

Shops:
D:5 :


Innate Abilities, Weirdness & Mutations

Your experience applies equally to all skills.
You have very sharp teeth.
Your uncanny sense of smell can sniff out nearby items.
Your muscles are strong. (Str +2)
Your spells are a little harder to cast, but a little more powerful.


Message History

The orc wizard points at you and mumbles some strange words.
The magic dart hits you! The orc warrior barely misses you.
You bump into the rock wall.
You feel less confused.
The orc wizard hits you but does no damage.
The orc warrior barely misses you. The orc wizard completely misses you.
The orc wizard gestures wildly while chanting.
The orc wizard flickers and vanishes!
Deactivating autopickup; reactivate with Ctrl-A.
The orc priest mumbles some strange prayers to Beogh against you.
Beogh smites you! The orc warrior misses you.
The orc priest mumbles some strange prayers to Beogh against you.
A magic dart appears from out of thin air!
The magic dart hits you!
The orc warrior hits you from afar with a glaive!!
* * * LOW HITPOINT WARNING * * *
The orc priest invokes the aid of Beogh against you.
Beogh smites you!
You die...

##.....###..
..##
###..#####
#....###...##
#......##
####.### #..#
##.# #.##
#@.# ##.#
#o## ##.#
#.## #oo#
##.# #.##
#..#


You could see an orc warrior, an orc priest and an orc.

Vanquished Creatures
  Pikel (D:3)
  Sigmund (D:2)
  The ghost of miso the Covert, an amateur SpEn (D:4)
  4 ogres
  2 centaurs (D:7)
  A scorpion (D:3)
  A howler monkey (D:4)
  2 crimson imps (D:6)
  An orc wizard (D:5)
  A bullfrog skeleton (D:7)
  A hound (D:4)
  2 jellies
  A centaur skeleton (D:6)
  Natasha (thrice) (D:2)
  2 worker ants
  2 hound skeletons (D:4)
  3 gnolls (D:6)
  4 adders
  A shadow imp (D:5)
  An adder skeleton (D:4)
  3 worms
  2 dart slugs (D:2)
  A leopard gecko (D:6)
  10 orcs
  2 ball pythons (D:1)
  5 bats
  5 giant cockroaches
  2 goblins
  3 hobgoblins
  4 jackals (D:6)
  2 quokkas
  3 frilled lizards
  A kobold (D:1)
  2 leopard gecko skeletons (D:4)
  2 rats
82 creatures vanquished.

Vanquished Creatures (others)
  A frilled lizard (D:4)
1 creature vanquished.

Grand Total: 83 creatures vanquished

Notes
Turn   | Place    | Note
-------+----------+-------------------------------------------
     0 | D:1      | Crag the Gnoll Skald began the quest for the Orb.
     0 | D:1      | Reached XP level 1. HP: 20/20 MP: 6/6
   280 | D:1      | Reached XP level 2. HP: 26/26 MP: 7/7
   807 | D:2      | Noticed Sigmund
   943 | D:2      | Reached skill level 5 in Spellcasting
   943 | D:2      | Reached XP level 3. HP: 29/31 MP: 2/9
  1166 | D:2      | Noticed Natasha
  1174 | D:2      | Killed Natasha
  1174 | D:2      | Reached skill level 1 in Short Blades
  1174 | D:2      | Reached skill level 1 in Long Blades
  1174 | D:2      | Reached skill level 1 in Axes
  1174 | D:2      | Reached skill level 1 in Maces & Flails
  1174 | D:2      | Reached skill level 1 in Staves
  1174 | D:2      | Reached skill level 1 in Slings
  1174 | D:2      | Reached skill level 1 in Bows
  1174 | D:2      | Reached skill level 1 in Crossbows
  1174 | D:2      | Reached skill level 1 in Throwing
  1174 | D:2      | Reached skill level 1 in Stealth
  1174 | D:2      | Reached skill level 1 in Shields
  1174 | D:2      | Reached skill level 1 in Unarmed Combat
  1174 | D:2      | Reached skill level 1 in Invocations
  1174 | D:2      | Reached skill level 1 in Evocations
  1174 | D:2      | Reached XP level 4. HP: 28/38 MP: 4/11
  1640 | D:3      | Found a sacrificial altar of Ru.
  1864 | D:4      | Noticed an ogre
  1908 | D:4      | Noticed miso's ghost (amateur SpEn)
  2095 | D:2      | Noticed Natasha
  2109 | D:2      | Killed Sigmund
  2109 | D:2      | Reached skill level 1 in Conjurations
  2109 | D:2      | Reached skill level 1 in Hexes
  2109 | D:2      | Reached skill level 1 in Summonings
  2109 | D:2      | Reached skill level 1 in Necromancy
  2109 | D:2      | Reached skill level 1 in Translocations
  2109 | D:2      | Reached skill level 1 in Transmutations
  2109 | D:2      | Reached skill level 1 in Fire Magic
  2109 | D:2      | Reached skill level 1 in Ice Magic
  2109 | D:2      | Reached skill level 1 in Air Magic
  2109 | D:2      | Reached skill level 1 in Earth Magic
  2109 | D:2      | Reached skill level 1 in Poison Magic
  2109 | D:2      | Reached XP level 5. HP: 20/43 MP: 12/12
  2109 | D:2      | Reached XP level 6. HP: 23/50 MP: 13/13
  2120 | D:2      | Gained mutation: Your spells are a little harder to cast, but a little more powerful. [potion of mutation]
  2120 | D:2      | Gained mutation: Your muscles are strong. (Str +2) [potion of mutation]
  2131 | D:2      | Killed Natasha
  2283 | D:2      | Noticed Natasha
  2348 | D:2      | Killed Natasha
  2517 | D:2      | Reached skill level 5 in Fighting
  2517 | D:2      | Reached skill level 5 in Polearms
  2517 | D:2      | Reached skill level 5 in Dodging
  2623 | D:2      | Found an ornate altar of the Wu Jian Council.
  2634 | D:2      | Found a white marble altar of Elyvilon.
  3113 | D:4      | Reached XP level 7. HP: 29/56 MP: 15/15
  3273 | D:4      | Noticed Pikel
  3468 | D:3      | Killed Pikel
  3468 | D:3      | Reached XP level 8. HP: 35/63 MP: 16/16
  3608 | D:4      | Killed miso's ghost
  4102 | D:5      | Entered Level 5 of the Dungeon
  4137 | D:5      | Found Siw Muis's Book Shop.
  4307 | D:5      | Found a staircase to the Ecumenical Temple.
  4321 | Temple   | Entered the Ecumenical Temple
  4487 | Temple   | Became a worshipper of Cheibriados the Contemplative
  4930 | D:5      | Found an ancient bone altar of Kikubaaqudgha.
  5060 | D:6      | Found a glowing silver altar of Zin.
  5060 | D:6      | Found a shimmering altar of Xom.
  5062 | D:6      | Noticed an angel
  5238 | D:6      | Reached * piety under Cheibriados
  5892 | D:7      | Reached XP level 9. HP: 35/69 MP: 18/18
  6379 | D:7      | Killed from afar by an orc priest

Skill      XL: |  1  2  3  4  5  6  7  8 |
---------------+-------------------------+-----
Spellcasting   | 5 6 |  6.3
Short Blades   | 1 2 3 |  3.8
Long Blades    | 1 2 3 |  3.8
Axes           | 1 2 3 |  3.8
Maces & Flails | 1 2 3 |  3.8
Staves         | 1 2 3 |  3.8
Slings         | 1 2 3 |  3.8
Bows           | 1 2 3 |  3.8
Crossbows      | 1 2 3 |  3.8
Throwing       | 1 2 3 |  3.8
Stealth        | 1 2 3 |  3.8
Shields        | 1 2 3 |  3.8
Unarmed Combat | 1 2 3 |  3.8
Invocations    | 1 2 3 4 |  4.2
Evocations     | 1 2 3 |  3.8
Armour         | 3 4 |  4.7
Conjurations   | 1 2 3 |  3.1
Hexes          | 1 2 3 |  3.1
Summonings     | 1 2 3 |  3.1
Necromancy     | 1 2 3 |  3.1
Translocations | 1 2 3 |  3.1
Transmutations | 1 2 3 |  3.1
Fire Magic     | 1 2 3 |  3.1
Ice Magic      | 1 2 3 |  3.1
Air Magic      | 1 2 3 |  3.1
Earth Magic    | 1 2 3 |  3.1
Poison Magic   | 1 2 3 |  3.1
Fighting       | 5 6 |  6.0
Polearms       | 5 6 |  6.0
Dodging        | 5 6 |  6.0
Charms         | 6 |  6.3

Action                   |  1- 3 |  4- 6 |  7- 9 || total
-------------------------+-------+-------+-------++-------
Melee: Spear             |    95 |   135 |    30 ||   260
       Bite              |     8 |    15 |    29 ||    52
       Punch             |       |       |     5 ||     5
       Whip              |       |       |   159 ||   159
 Cast: Infusion          |     3 |     5 |    17 ||    25
  Use: Potion            |       |     2 |     2 ||     4
       Scroll            |       |       |     5 ||     5
 Stab: Sleeping          |       |       |     2 ||     2
  Eat: Chunk             |     1 |     5 |     7 ||    13
       Ration            |       |       |     1 ||     1
Armor: Scale mail        |    39 |    29 |    62 ||   130
       Skin              |       |     4 |       ||     4
Dodge: Dodged            |    40 |    47 |    98 ||   185
